 Dungeon Crawl Stone Soup version 0.28-b1-70-g80dc712255 (webtiles) character file.

Game seed: 15607975406269970646

24 Prodoman the Magician (level 2, 0/20 HPs)
             Began as a Draconian Hedge Wizard on Feb 4, 2022.
             Slain by Natasha (6 damage)
             ... on level 2 of the Dungeon.
             The game lasted 00:08:35 (1495 turns).

Prodoman the Magician (Draconian Hedge Wizard)      Turns: 1495, Time: 00:08:36

Health: 0/20       AC:  4    Str: 12    XL:     2   Next: 79%
Magic:  0/6        EV: 12    Int: 14    God:
Gold:   3          SH:  0    Dex: 10    Spells: 6/7 levels left

rFire   . . .      SeeInvis .   a - +0 dagger
rCold   . . .      Faith    .   (no shield)
rNeg    . . .      Spirit   .   (armour unavailable)
rPois   .          Reflect  .   b - +0 hat
rElec   .          Harm     .   (no cloak)
rCorr   .          Rampage  .   (no gloves)
Will    .....                   (no boots)
Stlth   ++........              f - amulet of the acrobat
HPRegen 0.06/turn               (no ring)
MPRegen 0.10/turn               (no ring)

@: slowed, very slow
A: AC +4, unfitting armour, cold-blooded
a: no special abilities


You were on level 2 of the Dungeon.
You visited 1 branch of the dungeon, and saw 2 of its levels.

You collected 3 gold pieces.

Inventory:

Hand Weapons
 a - a +0 dagger (weapon)
Armour
 b - a +0 hat (worn)
Jewellery
 f - an amulet of the acrobat (around neck)
Scrolls
 c - a scroll of enchant weapon {unknown}
 d - a scroll of identify {unknown}
 e - a scroll of fog {unknown}
Potions
 g - 2 potions of curing {unknown}


   Skills:
 + Level 2.1 Dodging
 - Level 2.0 Stealth
 * Level 3.3 Spellcasting
 - Level 1.2 Conjurations
 - Level 1.1 Summonings
 - Level 1.2 Translocations


You had 6 spell levels left.
You knew the following spells:

 Your Spells              Type           Power      Damage    Failure   Level
a - Magic Dart            Conj           20%        1d4       13%         1

Your spell library contained the following spells:

 Spells                   Type           Power      Damage    Failure   Level
 Blink                    Tloc           10%        N/A       19%         2
 Call Imp                 Summ           5%         N/A       19%         2
 Slow                     Hex            8%         N/A       21%         1
 Conjure Flame            Conj/Fire      4%         6-21      43%         3
 Mephitic Cloud           Conj/Pois/Air  3%         N/A       45%         3


Dungeon Overview and Level Annotations

Branches:
Dungeon (2/15)

Altars:

Annotations:
D:2 Natasha


Innate Abilities, Weirdness & Mutations

Your plain brown scales are hard. (AC +4)
You cannot fit into any form of body armour.
You are cold-blooded and may be slowed by cold attacks.


Message History

* * * LOW HITPOINT WARNING * * *
Your magical contamination has completely faded away.
You completely miss Natasha.
Natasha is heavily wounded.
Natasha barely misses you.
You hit Natasha.
Natasha is heavily wounded.
Natasha casts a spell at you.
You feel yourself slow down.
Casting: Magic Dart (safe; 13% risk of failure)
Confirm with . or Enter, or press ? or * to list all spells.
You don't have enough magic to cast this spell.
You hit Natasha.
Natasha is severely wounded.
Natasha barely misses you.
You hit Natasha.
Your tail-slap misses Natasha.
Natasha is almost dead.
Natasha mumbles some strange words.
Natasha's front paws start to glow.
Natasha misses you. Natasha barely misses you.
You barely miss Natasha.
Your tail-slap misses Natasha.
Natasha is almost dead.
Natasha misses you.
You barely miss Natasha.
Your tail-slap misses Natasha.
Natasha is almost dead.
Natasha closely misses you.
Natasha casts a spell.
Casting: Magic Dart (safe; 13% risk of failure)
Confirm with . or Enter, or press ? or * to list all spells.
Aiming: Magic Dart (safe; 13% risk of failure)
Press: ? - help, Shift-Dir - straight line, f/p - Natasha
Aim: Natasha (almost dead, 100% to hit)
The magic dart hits Natasha.
Natasha is almost dead.
Natasha casts a spell at you.
You feel as though you will be slow longer.
You hit Natasha.
Natasha is almost dead.
Natasha claws you.
You die...

### ..# #.# #.#
....... #5#
.....# #h# ....#
#@# ...# #.#
#..# #.# #####
#..# #.#
...(.##..####.#
#####..........#
......†...######
########.##
##########.#


You could see Natasha and a shadow imp (summoned).

Vanquished Creatures
  A ball python (D:1)
  2 endoplasms (D:1)
  3 giant cockroaches
  5 hobgoblins (D:1)
  2 jackals (D:1)
  3 bats (D:1)
  2 frilled lizards
  A kobold (D:1)
  2 rats (D:1)
21 creatures vanquished.

Vanquished Creatures (others)
  3 plants (D:1)
3 creatures vanquished.

Grand Total: 24 creatures vanquished

Notes
Turn   | Place    | Note
-------+----------+-------------------------------------------
     0 | D:1      | Prodoman the Draconian Hedge Wizard began the quest for the
                  | Orb.
     0 | D:1      | Reached XP level 1. HP: 14/14 MP: 4/4
   589 | D:1      | Reached XP level 2. HP: 15/20 MP: 0/6
  1481 | D:2      | Noticed Natasha
  1495 | D:2      | Slain by Natasha

Illustrated notes

Levels and vault maps discovered:
D:1:      dpeg_arrival_round_b, layout_loops_cross, chequers_big_river
D:2:      minmay_recursive_quarters, layout_loops_ring, minmay_pentomino_p2,
          uniq_sigmund, uniq_terence, uniq_natasha, uniq_robin

Skill      XL: |  1  2 |
---------------+-------+-----
Stealth        | 2 |  2.0
Dodging        | 2 |  2.1
Spellcasting   | |  3.3
Conjurations   | |  1.2
Summonings     | |  1.1
Translocations | |  1.2

Action                   || total
-------------------------++-------
Melee: Dagger            ||    48
       Punch             ||     1
       Tailslap          ||     6
 Cast: Magic Dart        ||    35
Armor: Skin              ||    14
Dodge: Dodged            ||    58
